 Dungeon Crawl Stone Soup version 0.29.1-2-gbd0b4ee654 (webtiles) character file.

Game seed: 10600307773544910839

41813 MisterFreud the Cruncher (level 14, -12/113 HPs)
             Began as a Formicid Gladiator on Oct 25, 2022.
             Was a Believer of Yredelemnul.
             Mangled by a white ugly thing (34 damage)
             ... on level 14 of the Dungeon.
             The game lasted 00:24:06 (13726 turns).

MisterFreud the Cruncher (Formicid Gladiator)      Turns: 13726, Time: 00:24:06

Health: -12/113    AC: 18    Str: 22    XL:     14   Next: 52%
Magic:  32/32      EV:  9    Int: 11    God:    Yredelemnul [**....]
Gold:   627        SH: 12    Dex: 22    Spells: 13/13 levels left

rFire   + + .      SeeInvis +   b - +12 lajatang "Ultimatum" {freeze, rPois rF+}
rCold   . . .      Faith    .   T - +0 kite shield {AC+3}
rNeg    . . .      Spirit   .   C - +2 chain mail of Compression {Int+3 Dex+2}
rPois   +          Reflect  .   (helmet unavailable)
rElec   .          Harm     .   u - +0 cloak
rCorr   .          Rampage  .   (no gloves)
Will    +....                   (no boots)
Stlth   ..........              r - amulet of regeneration
HPRegen 1.08/turn               o - +4 ring of slaying
MPRegen 0.23/turn               N - ring of Day {rPois rF+ MP+9 Dex+3}

@: no status effects
A: permanent stasis, dig shafts and tunnels, antennae 3, four strong arms
a: Dig, Shaft Self, Renounce Religion, Recall Undead Harvest, Dark Bargain


You were on level 14 of the Dungeon.
You worshipped Yredelemnul.
Yredelemnul was pleased with you.
You visited 3 branches of the dungeon, and saw 18 of its levels.

You collected 933 gold pieces.
You spent 306 gold pieces at shops.

Inventory:

Hand Weapons
 b - the +12 lajatang "Ultimatum" (weapon) {freeze, rPois rF+}
   (You acquired it on level 2 of the Lair of Beasts)

   It freezes those it strikes, dealing additional cold damage.
   It can also slow down cold-blooded creatures.
   rF:        It protects you from fire.
   rPois:     It protects you from poison.
 t - a +9 quarterstaff of chaos
 L - the +5 quarterstaff of the End {drain, rF+ Dex+4}
   (You bought it in a shop on level 8 of the Dungeon)

   A truly terrible weapon, it drains the life of any living foe it strikes.
   Dex:       It affects your dexterity (+4).
   rF:        It protects you from fire.
Missiles
 c - 10 throwing nets
 d - 5 javelins
 l - 41 poisoned darts (quivered)
 z - 5 boomerangs
 F - 2 curare-tipped darts
 G - 2 silver javelins
 K - 6 silver boomerangs
 S - 2 atropa-tipped darts
Armour
 a - a +0 tower shield
 u - a +0 cloak (worn)
 C - the +2 chain mail of Compression (worn) {Int+3 Dex+2}
   (You found it on level 5 of the Lair of Beasts)

   Int:       It affects your intelligence (+3).
   Dex:       It affects your dexterity (+2).
 T - a +0 kite shield of protection (worn)
Jewellery
 o - a +4 ring of slaying (left hand)
 r - an amulet of regeneration (around neck)
 N - the ring of Day (right hand) {rPois rF+ MP+9 Dex+3}
   (You found it on level 10 of the Dungeon)

   [ring of magical power]

   Dex:       It affects your dexterity (+3).
   rF:        It protects you from fire.
   rPois:     It protects you from poison.
   MP:        It affects your magic capacity (+9).
 P - a +4 ring of evasion
Wands
 w - a wand of iceblast (18)
 x - a wand of charming (16)
 D - a wand of mindburst (38)
 H - a wand of polymorph (20)
 J - a wand of flame (18)
 Q - a wand of light (5)
Scrolls
 f - a scroll of identify
 i - 2 scrolls of magic mapping
 A - a scroll of enchant weapon
 B - 2 scrolls of summoning
 I - 2 scrolls of enchant armour
 O - a scroll of fog
 R - a scroll of silence
Potions
 e - 2 potions of mutation
 h - 6 potions of might
 j - 3 potions of invisibility
 k - a potion of attraction
 m - a potion of resistance
 p - 4 potions of heal wounds
 s - 3 potions of curing
 v - 2 potions of magic
 E - 3 potions of lignification
 M - a potion of brilliance {unknown}
Miscellaneous
 y - a phial of floods


   Skills:
 + Level 11.5 Fighting
 - Level 14.0 Staves
 - Level 2.0 Throwing
 - Level 10.0 Armour
 - Level 2.6 Dodging
 + Level 8.3 Shields
 - Level 12.0 Invocations
 - Level 10.0 Evocations


You had 13 spell levels left.
You didn't know any spells.
Your spell library contained the following spells:

 Spells                   Type           Power      Damage    Failure   Level
 Magic Dart               Conj           0%         1d3       99%         1
 Necrotise                Necr           0%         1d4       99%         1
 Shock                    Conj/Air       0%         1d3       99%         1
 Sting                    Tmut/Pois      0%         1d3       99%         1
 Call Imp                 Summ           0%         N/A       100%        2
 Poisonous Vapours        Pois/Air       0%         N/A       100%        2
 Confusing Touch          Hex            0%         N/A       100%        3
 Frozen Ramparts          Ice            0%         1d1       100%        3
 Mephitic Cloud           Conj/Pois/Air  0%         N/A       100%        3
 Summon Guardian Golem    Hex/Summ       0%         N/A       100%        3
 Tukima's Dance           Hex            0%         N/A       100%        3
 Vampiric Draining        Necr           0%         2d6       100%        3
 Airstrike                Air            0%         2d(0-16)  100%        4
 Anguish                  Hex/Necr       0%         N/A       100%        4
 Ice Form                 Ice/Tmut       0%         N/A       100%        4
 Olgreb's Toxic Radiance  Pois           0%         N/A       100%        4
 Passage of Golubria      Tloc           0%         N/A       100%        4
 Petrify                  Tmut/Erth      0%         N/A       100%        4
 Summon Ice Beast         Ice/Summ       0%         N/A       100%        4
 Summon Lightning Spire   Summ/Air       0%         N/A       100%        4
 Agony                    Necr           0%         N/A       100%        5
 Lightning Bolt           Conj/Air       0%         1d11      100%        5
 Metabolic Englaciation   Hex/Ice        0%         N/A       100%        5
 Yara's Violent Unravell  Hex/Tmut       0%         3d3       100%        5
 Statue Form              Tmut/Erth      0%         N/A       100%        6
 Enfeeble                 Hex            0%         N/A       100%        7
 Swiftness                Air            Unusable   N/A       N/A         3

Dungeon Overview and Level Annotations

Branches:
Dungeon (14/15)            Temple (1/1) D:4            Lair (5/5) D:9
 Shoals (0/4) Lair:2        Snake (0/4) Lair:2          Orc (0/2) D:9
  Slime: Lair:4-5    Vaults: D:13-14

Altars:
Ashenzari
Cheibriados
Dithmenos
Elyvilon
Fedhas
Gozag
Hepliaklqana
Kikubaaqudgha
Makhleb
Nemelex Xobeh
Okawaru
Qazlal
Ru
Sif Muna
Trog
Uskayaw
Vehumet
Wu Jian
Xom
Yredelemnul
Zin
The Shining One

Shops:
D:3 =   D:8 (

Annotations:
D:3 3 runed translucent doors, Nicoed's ghost, amateur OpTm
D:9 exclusion: statue
Lair:5 exclusion: oklob plant


Innate Abilities, Weirdness & Mutations

You cannot be hasted, slowed, berserked, paralysed or teleported.
You can dig through walls and to a lower floor.
You have a pair of large antennae on your head. (SInv)
Your four strong arms can wield two-handed weapons with a shield.


Message History

The spriggan is lightly wounded.
You block the spriggan's attack.
You carve the spriggan like a ham!!! You freeze the spriggan!
You kill the spriggan!
The dead are walking!
You can now trade souls for undead servants.
A white ugly thing comes into view.
The white ugly thing basks in the mutagenic energy from its kin and changes!
The white ugly thing moves out of view.
A deep elf pyromancer comes into view. It is wielding a +0 long sword.
The white ugly thing kicks you. The white ugly thing freezes you!!
There are monsters nearby!
The deep elf pyromancer shouts!
You slash the white ugly thing! You freeze the white ugly thing.
The white ugly thing is lightly wounded.
You hit the white ugly thing.
The white ugly thing is lightly wounded.
The white ugly thing kicks you! The white ugly thing freezes you!!
* * * LOW HITPOINT WARNING * * *
Your spriggan zombie closely misses the white ugly thing.
There are monsters nearby!
You are too injured to fight recklessly!
There are monsters nearby!
Unknown command.
Are you sure you want to shaft yourself?
You block the white ugly thing's attack.
Your five-headed hydra zombie completely misses the white ugly thing.
Your five-headed hydra zombie bites the white ugly thing.
Your five-headed hydra zombie bites the white ugly thing! x2
Your five-headed hydra zombie bites the white ugly thing.
The deep elf pyromancer mumbles some strange words.
You begin to dig a shaft.
You continue digging a shaft.
The brown ugly thing claws your spriggan zombie.
Your spriggan zombie is splashed with acid.
Your spriggan zombie barely misses the brown ugly thing.
The white ugly thing kicks you!
* * * LOW HITPOINT WARNING * * *
The white ugly thing freezes you!!
You die...
Your body rises from the dead as a mindless zombie.

##########.#######
...................
.
.......#.##########
..{ #.##.#.#..######
#.e #. #$#..........
#..##.##..#########.
#....>.#.#
##..uuZ...#
#...uZ@...#
#.........#
.........).!#
#..!........#
............#
..............
.............##
..............
.............


You could see 3 ugly things, a deep elf pyromancer, a friendly five-headed hydra
zombie and a friendly spriggan zombie.

Vanquished Creatures
  2 hydras
  2 boulder beetles (Lair:2)
  2 catoblepae (Lair:5)
  2 tengu warriors (D:14)
  A deep elf zephyrmancer (D:14)
  2 ugly things
  A cyclops (D:14)
  A manticore (D:14)
  4 black mambas
  3 elephants (Lair:5)
  A merfolk siren (Lair:2)
  A torpor snail (Lair:3)
  3 molten gargoyles (Lair:3)
  Maggie (D:10)
  2 unseen horrors
  4 cane toads
  A kobold demonologist (D:9)
  An efreet (D:14)
  5 komodo dragons
  2 trolls
  7 polar bears
  3 hornets
  11 blink frogs
  Grinder (D:5)
  A spriggan (Lair:5)
  A shadow (D:11)
  Sigmund (D:4)
  3 wyverns
  5 fire bats (Lair:3)
  A spriggan (shapeshifter) (D:14)
  3 basilisks
  38 yaks
  Grum (D:9)
  A fire elemental (Lair:3)
  3 steam dragons
  A vampire mosquito (D:11)
  3 wargs (D:9)
  4 nagas (Lair:2)
  Edmund (D:5)
  6 water moccasins
  6 orc warriors
  2 sky beasts (D:7)
  2 black bears
  3 ice beasts
  2 boggarts (Lair:5)
  12 wolves
  2 phantoms (D:4)
  2 kobold brigands (D:8)
  9 bullfrogs
  4 necrophages
  2 scorpions
  12 wights
  9 killer bees
  2 electric eels (Lair:5)
  A howler monkey (D:10)
  2 hounds (D:7)
  9 orc priests
  A gnoll bouda (D:7)
  6 jellies
  Crazy Yiuf (D:2)
  Terence (D:2)
  Ijyb (D:4)
  Natasha (D:3)
  7 iguanas
  13 orc wizards
  7 gnolls
  7 adders
  3 shadow imps
  2 white imps
  4 worms
  4 dart slugs
  33 orcs
  10 ball pythons
  6 bats
  8 endoplasms
  7 giant cockroaches
  7 goblins
  8 hobgoblins
  5 jackals
  2 quokkas (D:5)
  4 frilled lizards
  20 kobolds
  7 rats
392 creatures vanquished.

Vanquished Creatures (collateral kills)
  Harold (D:9)
  A great orb of eyes (D:14)
  A two-headed ogre (D:9)
  A lindwurm (Lair:5)
  A cyclops (D:10)
  5 elephants (Lair:5)
  A cane toad (Lair:5)
  2 meliai (D:14)
  3 blink frogs
  A spriggan (Lair:5)
  2 wyverns
  A yak (Lair:5)
  A fire bat (Lair:3)
  A steam dragon (D:9)
  2 water moccasins
  A sky beast (D:7)
  A black bear (Lair:5)
  5 wolves
  2 kobold brigands (D:9)
  2 bullfrogs (Lair:2)
  A killer bee (D:10)
  An electric eel (Lair:5)
  A howler monkey (D:11)
  A jelly (D:7)
  A hound (D:3)
  2 gnolls (D:7)
  5 orcs
  4 kobolds
  A fire vortex (Lair:3)
52 creatures vanquished.

Vanquished Creatures (others)
  A meliai (D:14)
  3 meliai zombies (D:14)
  3 fire bat zombies (Lair:3)
  A tengu zombie (D:14)
  A cane toad zombie (Lair:5)
  A hornet zombie (D:9)
  A spectral water moccasin (Lair:3)
  A vampire mosquito zombie (D:11)
  A water moccasin zombie (Lair:5)
  2 yak zombies
  A wolf zombie (Lair:5)
  4 bullfrog zombies
  2 basilisk zombies
  2 killer bee zombies (D:10)
  A hound zombie (D:7)
  A howler monkey zombie (D:11)
  A spectral electric eel (Lair:5)
  A jelly zombie (D:7)
  4 kobold zombies (D:8)
  3 orc zombies
  34 fungi
  54 plants
123 creatures vanquished.

Grand Total: 567 creatures vanquished

Notes
Turn   | Place    | Note
-------+----------+-------------------------------------------
     0 | D:1      | MisterFreud the Formicid Gladiator began the quest for the
                  | Orb.
     0 | D:1      | Reached XP level 1. HP: 16/16 MP: 1/1
    21 | D:1      | Reached XP level 2. HP: 5/22 MP: 2/2
   380 | D:1      | Found a faded altar of an unknown god.
   681 | D:1      | Reached skill level 4 in Staves
   681 | D:1      | Reached XP level 3. HP: 23/27 MP: 3/3
  1301 | D:2      | Found a runed translucent door.
  1302 | D:2      | Noticed Crazy Yiuf
  1376 | D:2      | Reached XP level 4. HP: 24/33 MP: 4/4
  1767 | D:2      | Noticed Terence
  1785 | D:2      | Killed Terence
  1786 | D:2      | Reached skill level 5 in Staves
  1964 | D:2      | Reached XP level 5. HP: 32/38 MP: 5/5
  2294 | D:2      | Reached skill level 1 in Shields
  2478 | D:2      | Killed Crazy Yiuf
  2536 | D:3      | Reached XP level 6. HP: 44/44 MP: 6/6
  2607 | D:3      | Found Iloum's Jewellery Emporium.
  2685 | D:3      | Found a runed translucent gate.
  2685 | D:3      | Found a runed translucent gate.
  2686 | D:3      | Found a runed translucent gate.
  2758 | D:3      | Noticed Nicoed's ghost (amateur OpTm)
  2801 | D:3      | Noticed Natasha
  2807 | D:3      | Killed Natasha
  2808 | D:3      | Reached skill level 6 in Staves
  2960 | D:4      | Noticed Ijyb
  2970 | D:4      | Killed Ijyb
  2971 | D:4      | Reached skill level 1 in Armour
  2978 | D:4      | Reached XP level 7. HP: 52/52 MP: 7/7
  3012 | D:4      | Found a staircase to the Ecumenical Temple.
  3078 | D:4      | Noticed Sigmund
  3088 | D:4      | Killed Sigmund
  3089 | D:4      | Reached XP level 8. HP: 44/60 MP: 8/8
  3268 | Temple   | Entered the Ecumenical Temple
  3284 | Temple   | Became a worshipper of Yredelemnul the Dark
  3343 | D:4      | Found a hazy altar of Hepliaklqana.
  3582 | D:4      | Found an ancient bone altar of Kikubaaqudgha.
  3585 | D:4      | Found a burning altar of Makhleb.
  3585 | D:4      | Found a snail-covered altar of Cheibriados.
  3593 | D:4      | Reached skill level 7 in Staves
  3633 | D:5      | Entered Level 5 of the Dungeon
  3750 | D:5      | Reached * piety under Yredelemnul
  3751 | D:5      | Reached skill level 5 in Fighting
  3773 | D:5      | Noticed Edmund
  3779 | D:5      | Killed Edmund
  3779 | D:5      | Reached ** piety under Yredelemnul
  3802 | D:5      | Noticed Grinder
  3809 | D:5      | Killed Grinder
  3810 | D:5      | Reached skill level 8 in Staves
  3810 | D:5      | Reached skill level 5 in Armour
  3810 | D:5      | Reached XP level 9. HP: 64/68 MP: 9/9
  3930 | D:5      | Reached skill level 9 in Staves
  3932 | D:5      | Reached *** piety under Yredelemnul
  4493 | D:6      | Reached skill level 1 in Invocations
  4729 | D:6      | Found a glowing silver altar of Zin.
  4729 | D:6      | Found an iron altar of Okawaru.
  5205 | D:7      | Reached skill level 10 in Staves
  5321 | D:7      | Reached skill level 5 in Invocations
  5429 | D:7      | Reached XP level 10. HP: 59/74 MP: 14/14
  5603 | D:7      | Reached skill level 1 in Evocations
  5810 | D:7      | Noticed a brown ugly thing
  5812 | D:7      | Noticed a four-headed hydra
  5821 | D:7      | HP: 2/75 [acid (7)]
  5823 | D:7      | Killed a brown ugly thing
  5824 | D:7      | Reached **** piety under Yredelemnul
  5828 | D:7      | You fall into a shaft and drop 1 floor!
  6105 | D:8      | Found Irreosk's Antique Weapon Shoppe.
  6134 | D:8      | Found a blossoming altar of Fedhas.
  6228 | D:8      | Bought a dazzling quarterstaff for 306 gold pieces
  6228 | D:8      | Identified the +5 quarterstaff of the End {drain, rF+
                  | Dex+4} (You bought it in a shop on level 8 of the Dungeon)
  6470 | D:8      | Noticed a white ugly thing
  6484 | D:8      | You fall into a shaft and drop 2 floors!
  6484 | D:10     | Entered Level 10 of the Dungeon
  6533 | D:10     | Noticed an unseen horror
  6542 | D:10     | Killed an unseen horror
  6585 | D:10     | Reached XP level 11. HP: 46/84 MP: 17/17
  6586 | D:10     | Noticed a cyclops
  6598 | D:10     | Killed a cyclops
  6599 | D:10     | Reached skill level 5 in Evocations
  6656 | D:10     | Identified the ring of Day {rPois rF+ MP+9 Dex+3}
  6896 | D:10     | Got the Compendium of Captivating Illusion
  7020 | D:10     | Noticed Maggie
  7032 | D:10     | Killed Maggie
  7175 | D:9      | Found a staircase to the Lair.
  7290 | D:9      | Noticed a two-headed ogre
  7297 | D:9      | Killed a two-headed ogre
  7432 | D:9      | Found a staircase to the Orcish Mines.
  7454 | D:9      | Found a radiant altar of Vehumet.
  7745 | D:9      | Noticed Harold
  7757 | D:9      | Killed Harold
  7763 | D:9      | Reached ***** piety under Yredelemnul
  7898 | D:9      | Noticed Grum
  7915 | D:9      | Killed Grum
  8176 | D:8      | Reached skill level 10 in Fighting
  8184 | D:8      | Reached skill level 10 in Armour
  8191 | D:8      | Killed a white ugly thing
  8192 | D:8      | Reached XP level 12. HP: 75/97 MP: 18/18
  8443 | Lair:1   | Entered Level 1 of the Lair of Beasts
  8558 | Lair:1   | Reached skill level 11 in Staves
  9585 | Lair:2   | Identified a scroll of acquirement
  9585 | Lair:2   | Acquired the +12 lajatang "Ultimatum" {freeze, rPois rF+}
  9661 | Lair:2   | Reached skill level 10 in Invocations
  9661 | Lair:2   | Found a staircase to the Snake Pit.
  9699 | Lair:2   | Noticed a boulder beetle
  9708 | Lair:2   | Killed a boulder beetle
  9765 | Lair:2   | Noticed a boulder beetle
  9771 | Lair:2   | Killed a boulder beetle
 10002 | Lair:2   | Found a staircase to the Shoals.
 10355 | Lair:3   | Reached skill level 12 in Staves
 10365 | Lair:3   | Reached XP level 13. HP: 48/103 MP: 21/21
 10696 | Lair:3   | Reached skill level 13 in Staves
 10736 | Lair:3   | Reached ****** piety under Yredelemnul
 11683 | Lair:4   | Reached skill level 14 in Staves
 12169 | Lair:5   | Entered Level 5 of the Lair of Beasts
 12200 | Lair:5   | HP: 2/96 [cane toad (12)]
 12361 | Lair:5   | Identified the +2 chain mail of Compression {Int+3 Dex+2}
 12480 | Lair:5   | Noticed a catoblepas
 12484 | Lair:5   | Killed a catoblepas
 12621 | Lair:5   | Noticed an eight-headed hydra
 12629 | Lair:5   | Killed an eight-headed hydra
 12670 | Lair:5   | Reached XP level 14. HP: 96/110 MP: 23/23
 12746 | Lair:5   | Reached skill level 10 in Evocations
 12957 | Lair:5   | Reached skill level 5 in Shields
 13351 | D:11     | You fall into a shaft and drop 3 floors!
 13726 | D:14     | Mangled by a white ugly thing

Illustrated notes

Levels and vault maps discovered:
D:1:      minmay_arrival_diagonal_passages, layout_loops_cross,
          shapermc_ecumenical_altar_pompeii
D:2:      minmay_thinvault, layout_rooms, uniq_terence, uniq_crazy_yiuf_cottage
D:3:      layout_rooms, serial_shops, shop_statue, ebering_ghost_rock_garden,
          uniq_natasha
D:4:      layout_basic, kennysheep_mini, grunt_temple_overflow_open,
          minmay_temple_entry_junction_2, minmay_crossroads, uniq_sigmund,
          uniq_ijyb
D:5:      layout_basic, uniq_edmund, uniq_grinder
D:6:      layout_loops_ring, gammafunk_temple_overflow_statue
D:7:      nzn_winding_woodlands_medium [nzn_winding_woodlands_5x5_cross,
          nzn_winding_woodlands_5x15_split_checker,
          nzn_winding_woodlands_5x5_three, nzn_winding_woodlands_5x5_default,
          nzn_winding_woodlands_center_triple_pond,
          nzn_winding_woodlands_5x5_checkerboard,
          nzn_winding_woodlands_hourglass, nzn_winding_woodlands_5x15_pool,
          nzn_winding_woodlands_5x5_perimeter], layout_basic, serial_curves,
          eino_curves_04, eino_curves_04, eino_curves_03, eino_curves_01
D:8:      layout_loops_ring, mainiacjoe_overflow_paths, serial_shops,
          nicolae_shop_overgrown_old_shop, grunt_potential
D:9:      layout_irregular_city, vehumet_statue, erik_lair_orcish_takeover,
          orc_0_dummy, serial_column_ruins, column_ruins_hut_ruined,
          column_ruins_grid_3, column_ruins_open_tiny,
          column_ruins_columns_straight, column_ruins_grid_1, uniq_grum,
          uniq_harold
D:10:     layout_basic, grunt_ministairs_9, uniq_maggie
D:11:     layout_roguey, minmay_alternating_orb
D:14:     lemuel_flame_loot_2, layout_rooms, minmay_misc_feat_plants
Temple:   nicolae_temple_ecumenical_triangle
Lair:1:   layout_cave_pods, grunt_megastairs_2, serial_bayou_shore_a
Lair:2:   layout_gridlike, minmay_shoals_entry_lonely_mermaid,
          minmay_snake_entry_guardpost_medium
Lair:3:   layout_chaotic_city
Lair:4:   layout_layer_cave
Lair:5:   minmay_lair_end_enchanted_forest, layout_gridlike,
          minmay_slime_entry_oklob_open

Skill      XL: |  1  2  3  4  5  6  7  8  9 10 11 12 13 14 |
---------------+-------------------------------------------+-----
Staves         | 4 5 6 8 10 12 14 | 14.0
Shields        | 2 4 8 |  8.3
Armour         | 1 3 5 7 10 | 10.0
Fighting       | 3 4 5 7 10 11 | 11.5
Invocations    | 6 8 11 12 | 12.0
Evocations     | 4 5 9 10 | 10.0
Throwing       | |  2.0
Dodging        | |  2.6

Action                   |  1- 3 |  4- 6 |  7- 9 | 10-12 | 13-15 || total
-------------------------+-------+-------+-------+-------+-------++-------
Melee: Quarterstaff      |    63 |   135 |   149 |   386 |    11 ||   744
       Punch             |       |     1 |       |       |       ||     1
       Lajatang          |       |       |       |    52 |   256 ||   308
Throw: Dart              |       |       |       |     5 |       ||     5
Invok: Recall Undead Har |       |       |       |     1 |       ||     1
       Bind Soul         |       |       |       |     1 |     1 ||     2
 Abil: Shaft Self        |       |       |       |     2 |     2 ||     4
       Dig               |       |       |       |       |     1 ||     1
Evoke: Wand              |       |       |       |       |     2 ||     2
  Use: Scroll            |     2 |    11 |     5 |    13 |     1 ||    32
       Potion            |       |       |       |     1 |     7 ||     8
 Stab: Distracted        |       |       |     1 |     5 |     4 ||    10
Armor: Leather armour    |     6 |       |       |       |       ||     6
       Chain mail        |    26 |    14 |       |       |   105 ||   145
       Scale mail        |       |    38 |    27 |   154 |    49 ||   268
Dodge: Dodged            |    37 |    61 |    41 |   179 |   114 ||   432
Block: Buckler           |       |     9 |    26 |   114 |    81 ||   230
       Kite shield       |       |       |       |       |    12 ||    12
